 Dungeon Crawl Stone Soup version 0.17-a0-1850-g688e747 (webtiles) character file.

51 dpvblackbelt the Chiller (level 3, -5/19 HPs)
             Began as a Deep Elf Ice Elementalist on Sept 19, 2015.
             Shot with an arrow by a centaur (11 damage)
             ... on level 3 of the Dungeon.
             The game lasted 00:04:15 (1790 turns).

dpvblackbelt the Chiller (DEIE)                     Turns: 1790, Time: 00:04:16

Health: -5/19      AC:  2    Str:  5    XL:     3   Next: 58%
Magic:  9/9        EV: 13    Int: 20    God:
Gold:   33         SH:  0    Dex: 15    Spells: 2 memorised, 5 levels left

rFire  x . .     SeeInvis .     f - +0 dagger
rCold  + . .     Clarity  .     a - +0 robe
rNeg   . . .     SustAt   .     (no shield)
rPois  .         Gourm    .     (no helmet)
rElec  .         Spirit   .     (no cloak)
rCorr  .         Warding  .     (no gloves)
rMut   .         Stasis   .     (no boots)
MR     .....                    (no amulet)
Stlth  ++........               (no ring)
                                k - ring of ice

@: not resistant to hostile enchantments, unstealthy
A: no striking features
a: no special abilities


You were on level 3 of the Dungeon.
You were hungry.

You visited 1 branch of the dungeon, and saw 3 of its levels.

You collected 33 gold pieces.

Inventory:

Hand weapons
 f - a +0 dagger (weapon)
Armour
 a - a +0 robe (worn)
Jewellery
 k - a ring of ice (left hand)
Scrolls
 e - a scroll of recharging
 j - a scroll of enchant weapon {unknown}
 m - a scroll of amnesia {unknown}
 o - a scroll of identify {unknown}
 q - a scroll of remove curse {unknown}
Potions
 d - a potion of lignification {unknown}
 g - a potion of haste {unknown}
 h - a potion of beneficial mutation {unknown}
 l - a potion of flight {unknown}
 p - a potion of curing {unknown}
 r - a potion of poison {unknown}
Books
 b - a book of Frost

   Spells                             Type                      Level
   a - Freeze                         Ice                          1
   b - Throw Frost                    Conjuration/Ice              2
   c - Ozocubu's Armour               Charms/Ice                   3
   d - Throw Icicle                   Conjuration/Ice              4
   e - Summon Ice Beast               Ice/Summoning                4
   f - Condensation Shield            Ice                          4
Comestibles
 c - 2 bread rations
 i - a beef jerky
 n - 2 meat rations


   Skills:
 - Level 2.4 Dodging
 - Level 2.4 Stealth
 - Level 3.0 Spellcasting
 - Level 1.1 Conjurations
 + Level 5.1 Ice Magic


You had 5 spell levels left.
You knew the following spells:

 Your Spells              Type           Power        Failure   Level  Hunger
a - Freeze                Ice            ####         1%          1    None
b - Throw Frost           Conj/Ice       ###...       10%         2    ##.....


Dungeon Overview and Level Annotations

Branches:
Dungeon (3/15)

Altars:


Message History

You see here an arrow.
There is a stone staircase leading up here.
You climb upwards.
There is a stone staircase leading down here.
(D) Dungeon
Where to? (Enter - D:3, ? - help)
There is a stone staircase leading down here.
You climb downwards.
There is a stone staircase leading up here.
You now have 33 gold pieces (gained 16).
The centaur shoots an arrow.
The arrow hits you!
Ouch! That really hurt!
You see here an arrow.
Read which item? (? for menu, Esc to quit)
As you read the scroll labeled AGYKAX BO AZAEBITS, it crumbles to dust.
It is a scroll of recharging.
You aren't carrying any rechargeable items.
The centaur shoots an arrow.
The arrow hits you!
Ouch! That really hurt!
You die...

#..#.#.##.##...#
#..c......## ..#
..........c.# .#
###.#.#####.# .
#(#. #.# #.# #.#
#<# #.# #.# #.#
#.# #@# #.# #.#
#.# # #.#
#.####.##.#
#.#.......########
#.#.##.##.........
# #.#######. #.#
.##.##.#####


You could see a centaur.

Vanquished Creatures
  An adder (D:2)
  A worm (D:2)
  An orc (D:3)
  6 bats
  2 giant cockroaches
  6 goblins
  4 hobgoblins (D:1)
  A giant gecko (D:1)
  3 giant newts (D:2)
  5 kobolds
  6 rats
36 creatures vanquished.

Notes
Turn   | Place    | Note
--------------------------------------------------------------
     0 | D:1      | dpvblackbelt the Deep Elf Ice Elementalist began the quest for the Orb.
     0 | D:1      | Reached XP level 1. HP: 10/10 MP: 6/6
   372 | D:1      | Reached XP level 2. HP: 15/15 MP: 4/8
   379 | D:1      | Reached skill level 4 in Ice Magic
   780 | D:2      | Reached XP level 3. HP: 10/19 MP: 6/9
  1309 | D:2      | Reached skill level 5 in Ice Magic
  1313 | D:2      | Learned a level 2 spell: Throw Frost
  1475 | D:3      | Noticed a centaur
  1790 | D:3      | Shot with an arrow by a centaur

Vault maps used:
D:1:      dpeg_arrival_subterranean_lakeside_camping
D:2:      st_stairs_9
D:3:      lemuel_coloured_pillars_altar, lemuel_round_altar, bloody_trog,
          nicolae_qazlal_style_of_elements, hangedman_decor_growths, uniq_iyjb,
          uniq_sigmund, uniq_jessica

Action                   || total
-------------------------++-------
Melee: Spear             ||     8
       Unarmed           ||     2
       Dagger            ||    34
 Cast: Freeze            ||    37
       Throw Frost       ||     4
  Use: Scroll            ||     1
 Stab: Sleeping          ||     6
       Distracted        ||     1
  Eat: Chunk             ||     2
